 Dungeon Crawl Stone Soup version 0.31.0-12-g77e489cdc1 (webtiles) character file.

Game seed: 13188046083660987517

2418 Chiseanne the Trooper (level 9, -5/71 HPs)
             Began as a Demonspawn Wanderer on Feb 16, 2024.
             Killed by divine providence
             ... invoked by an orc priest
              (12 damage)
             ... on level 7 of the Dungeon.
             The game lasted 00:18:51 (6148 turns).

Chiseanne the Trooper (Demonspawn Wanderer)         Turns: 6148, Time: 00:18:51

Health: -5/71      AC: 12    Str: 11    XL:     9   Next: 24%
Magic:  0/9        EV: 13    Int: 16    God:
Gold:   405        SH:  9    Dex: 14    Spells: 8/8 levels left

rFire   . . .        a - +3 falchion (heavy)
rCold   . . .        b - +0 kite shield "Rijarhup" {rN+ Will+ Str-3 Dex+2}
rNeg    + . .        w - +2 leather armour {rPois}
rPois   +            c - +0 helmet
rElec   .            u - +0 cloak
rCorr   .            (no gloves)
SInv    .            (no boots)
Will    +....        (no amulet)
Stlth   ++           l - +4 ring of protection
HPRegen 0.31/turn    (no ring)
MPRegen 0.22/turn

%: guardian spirit
@: no status effects
A: repulsion field 1, magic shield, magic regeneration, demonic magic 1
a: no special abilities


You were on level 7 of the Dungeon.
You visited 2 branches of the dungeon, and saw 8 of its levels.

You collected 405 gold pieces.

Inventory:

Hand Weapons
 a - a +3 heavy falchion (weapon)
 s - a +3 mace of draining
 y - a +3 dagger
 A - a +3 mace
 F - the +2 quarterstaff of the Endless Expanse {venom, rElec Will++ SInv}
   (You found it on level 7 of the Dungeon)

   rElec:     It insulates you from electricity.
   Will++:    It greatly increases your willpower.
   SInv:      It lets you see invisible.
Missiles
 f - 93 stones
 i - 15 poisoned darts
 j - 3 javelins
 q - 3 boomerangs (quivered)
Armour
 b - the +0 kite shield "Rijarhup" (worn) {rN+ Will+ Str-3 Dex+2}
   (You found it on level 3 of the Dungeon)

   Str-3:     It affects your strength (-3).
   Dex+2:     It affects your dexterity (+2).
   rN+:       It protects you from negative energy.
   Will+:     It increases your willpower.
 c - a +0 helmet (worn)
 u - a +0 cloak (worn)
 w - a +2 leather armour of poison resistance (worn)
Jewellery
 l - a +4 ring of protection (left hand)
 v - an amulet of faith
 G - a ring of flight
Wands
 h - a wand of light (11)
 B - a wand of digging (3)
 C - a wand of roots (12)
Scrolls
 g - 3 scrolls of teleportation
 p - a scroll of vulnerability
 x - a scroll of fog
 D - 3 scrolls of fear
 E - a scroll of amnesia
 H - a scroll of identify
 I - a scroll of butterflies
 J - a scroll of immolation
Potions
 d - a potion of berserk rage
 e - a potion of brilliance
 k - 4 potions of curing
 m - a potion of enlightenment {unknown}
 n - 2 potions of haste
 o - a potion of cancellation {unknown}
 r - 2 potions of heal wounds
 t - a potion of might {unknown}
 z - a potion of mutation {unknown}


   Skills:
 * Level 6.7 Fighting
 - Level 2.6 Long Blades
 - Level 1.0 Axes
 * Level 5.6 Armour
 * Level 5.6 Dodging
 - Level 3.6 Stealth
 * Level 5.1 Shields


You had 8 spell levels left.
You didn't know any spells.
Your spell library contained the following spells:

 Spells                   Type           Power      Damage    Failure   Level
 Stone Arrow              Conj/Erth      0%         3d7       98%         3
 Volatile Blastmotes      Fire/Tloc      0%         2d10      98%         3
 Animate Armour           Summ/Erth      0%         N/A       100%        4
 Fulminant Prism          Conj/Alch      0%         3d5       100%        4
 Iskenderun's Mystic Bla  Conj/Tloc      0%         2d3       100%        4
 Lehudib's Crystal Spear  Conj/Erth      0%         10d2      100%        8


Dungeon Overview and Level Annotations

Branches:
Dungeon (7/15)             Temple (1/1) D:7

Altars:
Fedhas
Hepliaklqana
Kikubaaqudgha
Makhleb
Nemelex Xobeh
Okawaru
Qazlal
Sif Muna
Uskayaw
Vehumet
Wu Jian
Xom
Yredelemnul

Annotations:
D:2 1 runed translucent door, Crazy Yiuf
D:4 exclusion: oklob plant


Innate Abilities, Weirdness & Mutations

You are surrounded by a mild repulsion field. (EV +2)
When hurt, damage is shared between your health and your magic reserves.
You regenerate magic rapidly.
Spells you cast may paralyse adjacent enemies.


Message History

The orc warrior hits you with a +0 short sword.
You closely miss the orc warrior.
The orc warrior is severely wounded.
The orc warrior misses you. You block the orc warrior's attack.
You hit the orc warrior but do no damage.
The orc warrior is severely wounded.
The orc warrior closely misses you. You block the orc warrior's attack.
The orc priest invokes the aid of Beogh against you.
Beogh smites you!
You closely miss the orc warrior.
The orc warrior is severely wounded.
The orc priest looks satisfied for a moment.
The orc warrior hits you with a +0 short sword.
The orc warrior closely misses you.
You hit the orc warrior.
The orc warrior is severely wounded.
The orc warrior hits you with a +0 short sword.
The orc warrior closely misses you.
You hit the orc warrior.
The orc warrior is severely wounded.
The orc warrior hits you but does no damage.
You block the orc warrior's attack.
You closely miss the orc warrior.
The orc warrior is severely wounded.
The orc priest invokes the aid of Beogh against you.
Beogh smites you!
* * * LOW HITPOINT WARNING * * *
The orc warrior hits you but does no damage. x2
The orc priest looks satisfied for a moment.
You barely miss the orc warrior.
The orc warrior is severely wounded.
You block the orc warrior's attack.
The orc warrior hits you but does no damage.
You hit the orc warrior.
The orc warrior is almost dead.
The orc warrior hits you with a +0 short sword!
* * * LOW HITPOINT WARNING * * *
The orc priest invokes the aid of Beogh against you.
Beogh smites you!
You die...

#.##.# #....#
###.##.# #....#
####...##.###)##.#
.........)..)).##.#
##########.######.#
#.# #.#
###.####.#.#
########..........#
...oooo@........###
########.#.......#
#.#.####..# ..#.#
.# #..#.# # ......
##..#.. #..#


You could see an orc warrior, 2 orc priests and an orc.

Vanquished Creatures
  Pikel (D:7)
  A hornet (D:6)
  2 ice beasts
  A black bear (D:7)
  A sky beast (Temple)
  An ogre (D:6)
  2 centaurs
  A kobold brigand (D:7)
  2 bullfrogs (D:7)
  A scorpion (D:7)
  3 howler monkeys (D:7)
  3 bombardier beetles
  A bullfrog zombie (D:5)
  2 hounds
  2 jellies (D:6)
  5 orc priests
  3 iguanas
  2 orc wizards
  A hound zombie (D:5)
  8 adders
  4 gnolls (D:4)
  A white imp (D:7)
  2 dart slugs
  A ribbon worm (D:4)
  12 orcs
  12 ball pythons
  6 bats
  7 endoplasms
  5 giant cockroaches
  10 goblins
  14 hobgoblins
  10 jackals
  8 kobolds
  6 quokkas
  6 rats
147 creatures vanquished.

Notes
Turn   | Place    | Note
-------+----------+-------------------------------------------
     0 | D:1      | Chiseanne the Demonspawn Wanderer began the quest for the
                  | Orb.
     0 | D:1      | Chiseanne set off with the following items: a +2 falchion,
                  | a +0 hand axe, a +0 helmet, a potion of berserk rage, a +0
                  | leather armour.
     0 | D:1      | Reached XP level 1. HP: 16/16 MP: 1/1
   266 | D:1      | Gained mutation: Spells you cast may paralyse adjacent
                  | enemies. [demonic ancestry]
   266 | D:1      | Reached XP level 2. HP: 22/22 MP: 2/2
   350 | D:1      | Reached skill level 1 in Armour
   350 | D:1      | Reached skill level 1 in Dodging
   458 | D:1      | Found a faded altar of an unknown god.
   891 | D:1      | Reached XP level 3. HP: 28/28 MP: 3/3
  1352 | D:2      | Reached skill level 3 in Fighting
  1669 | D:2      | Found a runed translucent door.
  1670 | D:2      | Noticed Crazy Yiuf
  1763 | D:2      | Reached XP level 4. HP: 31/35 MP: 4/4
  2272 | D:3      | Identified the +0 kite shield "Rijarhup" {rN+ Will+ Str-3
                  | Dex+2}
  2539 | D:3      | Found a radiant altar of Vehumet.
  2660 | D:4      | Reached XP level 5. HP: 41/41 MP: 5/5
  2696 | D:4      | Reached skill level 1 in Shields
  2699 | D:4      | You fall into a shaft and drop 2 floors!
  2827 | D:6      | Noticed an ice beast
  2868 | D:6      | Killed an ice beast
  2869 | D:6      | Gained mutation: You regenerate magic rapidly. [demonic
                  | ancestry]
  2869 | D:6      | Reached XP level 6. HP: 48/48 MP: 6/6
  2877 | D:6      | Noticed a hornet
  2888 | D:6      | Killed a hornet
  2889 | D:6      | Reached skill level 4 in Fighting
  3152 | D:6      | Gained mutation: You are surrounded by a mild repulsion
                  | field. (EV +2) [demonic ancestry]
  3152 | D:6      | Reached XP level 7. HP: 33/55 MP: 7/7
  3556 | D:5      | Entered Level 5 of the Dungeon
  4290 | D:4      | Found a blossoming altar of Fedhas.
  4302 | D:4      | Noticed an oklob plant
  4389 | D:4      | Reached skill level 5 in Fighting
  4840 | D:5      | Found a basalt altar of Yredelemnul.
  4997 | D:6      | Reached XP level 8. HP: 44/62 MP: 8/8
  5540 | D:7      | Identified the +2 quarterstaff of the Endless Expanse
                  | {venom, rElec Will++ SInv}
  5606 | D:7      | Reached skill level 6 in Fighting
  5610 | D:7      | Reached skill level 5 in Armour
  5610 | D:7      | Reached skill level 5 in Dodging
  5685 | D:7      | Found a staircase to the Ecumenical Temple.
  5704 | Temple   | Entered the Ecumenical Temple
  5939 | D:7      | Noticed Pikel
  5952 | D:7      | Killed Pikel
  5953 | D:7      | Reached skill level 5 in Shields
  5953 | D:7      | Gained mutation: When hurt, damage is shared between your
                  | health and your magic reserves. [demonic ancestry]
  5953 | D:7      | Reached XP level 9. HP: 55/71 MP: 9/9
  6148 | D:7      | Killed from afar by an orc priest

Illustrated notes

Levels and vault maps discovered:
D:1:      minmay_arrival_cross, layout_loops_corners,
          shapermc_ecumenical_altar_starsandcircs
D:2:      layout_basic, minmay_vboxes, uniq_crazy_yiuf_cottage
D:3:      layout_basic, nicolae_vehumet_altar_sigil, minmay_increasing_density
D:4:      layout_rooms, tgw_fedhas, gup_sewer_entry_bubbles
D:5:      layout_rooms, lemuel_zombie_altar_yredelemnul
D:6:      layout_loops_ring, zin_academy
D:7:      minmay_clustersquares, layout_basic, grunt_dithmenos_smoke,
          minmay_temple_entry_stoned_glass, minivault_26, uniq_pikel
Temple:   nicolae_temple_no_exploring_needed

Skill      XL: |  1  2  3  4  5  6  7  8 |
---------------+-------------------------+-----
Armour         | 1 2 3 4 5 |  5.6
Dodging        | 1 2 3 4 5 |  5.6
Fighting       | 3 4 5 6 |  6.7
Shields        | 1 2 3 5 |  5.1
Long Blades    | |  2.6
Axes           | |  1.0
Stealth        | |  3.6

Action                     |  1- 3 |  4- 6 |  7- 9 || total
---------------------------+-------+-------+-------++-------
  Melee: Falchion          |   104 |    73 |   224 ||   401
  Throw: Stone             |       |     1 |       ||     1
         Dart              |       |    15 |       ||    15
         Javelin           |       |     3 |     3 ||     6
         Boomerang         |       |       |    16 ||    16
  Evoke: Wand              |       |     3 |       ||     3
    Use: Scroll            |    13 |     3 |     4 ||    20
   Stab: Sleeping          |     3 |     2 |     3 ||     8
         Invisible         |       |     1 |       ||     1
 Armour: Leather armour    |    64 |       |   117 ||   181
         Ring mail         |     9 |    82 |    63 ||   154
  Dodge: Dodged            |    79 |    63 |   142 ||   284
  Block: Kite shield       |       |    21 |   153 ||   174
